 Dungeon Crawl Stone Soup version 0.29.1-1-gd02db6906a (webtiles) character file.

Game seed: 7618153860207349533

4342 EvilAshe the Carver (level 10, -7/70 HPs)
             Began as a Human Fighter on Sept 18, 2022.
             Was a Follower of the Shining One.
             Mangled by a two-headed ogre
             ... wielding a +0 giant club
              (18 damage)
             ... on level 8 of the Dungeon.
             The game lasted 00:26:41 (13051 turns).

EvilAshe the Carver (Human Fighter)                Turns: 13051, Time: 00:26:42

Health: -7/70      AC: 17    Str: 27    XL:     10   Next: 59%
Magic:  19/19      EV:  7    Int:  9    God:    the Shining One [*.....]
Gold:   353        SH:  4    Dex: 12    Spells: 9/9 levels left

rFire   . . .      SeeInvis .   a - +0 long sword
rCold   . . .      Faith    .   c - +0 buckler
rNeg    . . .      Spirit   .   D - +0 plate armour
rPois   .          Reflect  .   (no helmet)
rElec   .          Harm     .   d - +0 cloak
rCorr   .          Rampage  .   j - +1 pair of gloves
Will    .....                   (no boots)
Stlth   ..........              (no amulet)
HPRegen 0.21/turn               v - +6 ring of strength
MPRegen 0.16/turn               y - ring of magical power

@: glowing
A: no striking features
a: Renounce Religion, Divine Shield


You were on level 8 of the Dungeon.
You worshipped the Shining One.
The Shining One was aware of your devotion.
You visited 2 branches of the dungeon, and saw 10 of its levels.

You collected 353 gold pieces.

Inventory:

Hand Weapons
 a - a +0 long sword (weapon)
Missiles
 f - 31 poisoned darts (quivered)
 m - 5 atropa-tipped darts
Armour
 c - a +0 buckler (worn)
 d - a +0 cloak (worn)
 j - a +1 pair of gloves (worn)
 D - a +0 plate armour (worn)
Jewellery
 v - a +6 ring of strength (left hand)
 y - a ring of magical power (right hand)
Wands
 k - a wand of polymorph (8)
 s - a wand of mindburst (1)
 x - a wand of paralysis (13)
Scrolls
 b - 3 scrolls of teleportation
 g - a scroll of acquirement {unknown}
 l - 2 scrolls of enchant armour
 n - a scroll of magic mapping {unknown}
 u - a scroll of fear {unknown}
 C - a scroll of enchant weapon {unknown}
 E - a scroll of blinking {unknown}
Potions
 e - a potion of flight
 h - a potion of magic
 i - 4 potions of brilliance
 o - 9 potions of mutation
 p - 3 potions of heal wounds
 q - a potion of lignification
 r - 2 potions of ambrosia
 t - a potion of resistance {unknown}
 z - a potion of invisibility
 A - a potion of attraction {unknown}
 B - 2 potions of curing


   Skills:
 + Level 3.2 Fighting
 * Level 12.1 Long Blades
 + Level 9.1 Armour
 - Level 3.0 Shields


You had 9 spell levels left.
You didn't know any spells.
Your spell library contained the following spells:

 Spells                   Type           Power      Damage    Failure   Level
 Apportation              Tloc           0%         N/A       99%         1
 Magic Dart               Conj           0%         1d3       99%         1
 Necrotise                Necr           0%         1d4       99%         1
 Summon Small Mammal      Summ           0%         N/A       99%         1
 Searing Ray              Conj           0%         2d4       100%        2
 Ozocubu's Armour         Ice            0%         N/A       100%        3
 Fulminant Prism          Conj/Hex       0%         3d6       100%        4
 Olgreb's Toxic Radiance  Pois           0%         N/A       100%        4
 Ozocubu's Refrigeration  Ice            0%         4d7       100%        7
 Ignition                 Fire           0%         3d3       100%        8


Dungeon Overview and Level Annotations

Branches:
Dungeon (9/15)             Temple (1/1) D:5
   Lair: D:8-11         Orc: D:9-12

Altars:
Ashenzari
Cheibriados
Dithmenos
Elyvilon
Fedhas
Gozag
Kikubaaqudgha
Makhleb
Nemelex Xobeh
Qazlal
Ru
Sif Muna
Uskayaw
Vehumet
Wu Jian
Xom
The Shining One


Message History

The two-headed ogre is moderately wounded.
The two-headed ogre barely misses you. You block the two-headed ogre's attack.
You hit the two-headed ogre.
The two-headed ogre is moderately wounded.
You slash the two-headed ogre!
The two-headed ogre is heavily wounded.
The two-headed ogre hits you with a +0 giant club!
The two-headed ogre hits you but does no damage.
You slash the two-headed ogre!
The two-headed ogre is severely wounded.
You hit the two-headed ogre but do no damage.
The two-headed ogre is severely wounded.
The two-headed ogre barely misses you.
The two-headed ogre hits you with a +0 giant club!
The bullfrog completely misses you.
You slash the two-headed ogre!
The two-headed ogre is severely wounded.
The bullfrog hits you.
You hit the two-headed ogre but do no damage.
The two-headed ogre is almost dead.
The bullfrog hits you but does no damage.
The two-headed ogre barely misses you.
The two-headed ogre completely misses you.
You hit the two-headed ogre but do no damage.
The two-headed ogre is almost dead.
The bullfrog completely misses you.
The bullfrog hits you but does no damage.
The two-headed ogre hits you with a +0 giant club!!
* * * LOW HITPOINT WARNING * * *
The two-headed ogre hits you with a +0 giant club!
* * * LOW HITPOINT WARNING * * *
You barely miss the two-headed ogre.
The two-headed ogre is severely wounded.
The bullfrog barely misses you.
You hit the two-headed ogre.
The two-headed ogre is almost dead.
You block the bullfrog's attack.
The two-headed ogre hits you but does no damage.
The two-headed ogre hits you with a +0 giant club!!
You die...

##...# ###...##
##....##
##....##
#...<.# #....##
##...## #....#
#...@# ##..FO#
#.....(.
#.....(....
..........(...
#...).......(..
########.....(.
#......


You could see a two-headed ogre (poisoned) and a bullfrog.

Vanquished Creatures
  Grinder (D:5)
  A wyvern (D:7)
  3 yaks (D:8)
  A steam dragon (D:7)
  2 water moccasins (D:8)
  4 orc warriors
  A black bear (D:7)
  2 ice beasts
  2 sky beasts
  2 ogres
  A centaur (D:8)
  A lemure (D:6)
  4 kobold brigands
  2 necrophages (D:7)
  6 bullfrogs
  6 scorpions
  4 wights (D:7)
  3 jellies
  3 hounds
  A gnoll bouda (D:7)
  3 orc priests
  3 iguanas
  7 orc wizards
  3 gnolls
  6 adders
  2 white imps
  2 worms
  2 dart slugs (D:3)
  13 orcs
  6 bats
  5 endoplasms
  3 giant cockroaches
  5 hobgoblins
  10 jackals
  25 kobolds
  4 quokkas
  5 ball pythons
  5 goblins
  A rat (D:3)
160 creatures vanquished.

Vanquished Creatures (collateral kills)
  An ogre (D:5)
1 creature vanquished.

Vanquished Creatures (others)
  4 gnolls (D:6)
  49 fungi (D:8)
  50 plants
103 creatures vanquished.

Grand Total: 264 creatures vanquished

Notes
Turn   | Place    | Note
-------+----------+-------------------------------------------
     0 | D:1      | EvilAshe the Human Fighter began the quest for the Orb.
     0 | D:1      | Reached XP level 1. HP: 18/18 MP: 1/1
   219 | D:1      | Found a faded altar of an unknown god.
   245 | D:1      | Reached XP level 2. HP: 20/24 MP: 2/2
   938 | D:2      | Reached XP level 3. HP: 13/29 MP: 3/3
  1388 | D:2      | Reached skill level 3 in Long Blades
  2582 | D:3      | Reached XP level 4. HP: 35/35 MP: 4/4
  3147 | D:3      | Reached skill level 4 in Long Blades
  3388 | D:3      | Reached XP level 5. HP: 25/41 MP: 5/5
  3532 | D:3      | Found a shadowy altar of Dithmenos.
  3827 | D:4      | Reached XP level 6. HP: 47/47 MP: 6/6
  3852 | D:5      | Entered Level 5 of the Dungeon
  3969 | D:4      | Noticed an ogre
  4045 | D:5      | Noticed Grinder
  4072 | D:5      | Reached skill level 5 in Long Blades
  4096 | D:5      | Noticed Pikel
  4287 | D:5      | Noticed an ogre
  4295 | D:5      | Killed an ogre
  4589 | D:4      | Reached XP level 7. HP: 38/52 MP: 7/7
  5355 | D:4      | Reached skill level 6 in Long Blades
  5355 | D:4      | Reached skill level 5 in Armour
  5387 | D:5      | Found a staircase to the Ecumenical Temple.
  5412 | Temple   | Entered the Ecumenical Temple
  5416 | Temple   | Became a worshipper of the Shining One
  5932 | D:5      | Reached skill level 7 in Long Blades
  5932 | D:5      | Reached XP level 8. HP: 11/58 MP: 8/8
  6247 | D:5      | Found a burning altar of Makhleb.
  6247 | D:5      | Found an ornate altar of the Wu Jian Council.
  6363 | D:5      | Noticed Pikel
  6363 | D:5      | Pikel changed into Pikel the jelly
  6372 | D:5      | Killed Pikel the jelly
  6596 | D:5      | Killed Grinder
  6690 | D:6      | Found a blossoming altar of Fedhas.
  6908 | D:6      | Reached skill level 8 in Long Blades
  7899 | D:7      | Reached XP level 9. HP: 42/63 MP: 9/9
  8227 | D:7      | Reached skill level 9 in Long Blades
  8687 | D:7      | Reached skill level 10 in Long Blades
  9749 | D:7      | HP: 1/63 [something] (10)]
 10502 | D:7      | Reached XP level 10. HP: 10/70 MP: 10/10
 11303 | D:7      | Reached * piety under the Shining One
 11356 | D:9      | Reached skill level 11 in Long Blades
 12195 | D:8      | Noticed a two-headed ogre
 12402 | D:8      | Reached skill level 12 in Long Blades
 12613 | D:8      | Noticed a komodo dragon
 13051 | D:8      | Mangled by a two-headed ogre

Illustrated notes

Levels and vault maps discovered:
D:1:      minmay_arrival_stone_box, layout_loops_ring,
          hellmonk_ecumenical_altar_crossroads
D:2:      layout_basic, serial_bayou, serial_bayou_lagoon_b,
          serial_bayou_shore_b, serial_bayou_pond_c, serial_bayou_shore_b,
          minmay_pentomino_t2
D:3:      layout_loops_ring, lemuel_coloured_pillars_altar
D:4:      layout_gridville
D:5:      layout_loops_cross, gammafunk_temple_overflow_wave, temple_pool_b,
          minivault_11, minmay_misc_feat_columns, uniq_pikel, uniq_grinder
D:6:      layout_loops_cross, fedhas_altar_2, lemuel_flamethrower_2
D:7:      layout_basic, minmay_misc_feat_room, hangedman_decor_slide_cut,
          minmay_misc_feat_chi, minivault_25, minmay_bent
D:8:      layout_layer_cave, mainiacjoe_overflow_six_doors_small,
          due_lair_maze_entry_diamond
D:9:      layout_rooms, lemuel_doored_altar, minmay_three_doors
Temple:   nicolae_temple_x_marks_the_god

Skill      XL: |  1  2  3  4  5  6  7  8  9 10 |
---------------+-------------------------------+-----
Long Blades    | 3 4 5 7 8 10 12 | 12.1
Armour         | 4 5 6 8 9 |  9.1
Fighting       | |  3.2
Shields        | |  3.0

Action                   |  1- 3 |  4- 6 |  7- 9 | 10-12 || total
-------------------------+-------+-------+-------+-------++-------
Melee: Long sword        |    98 |   128 |   329 |   181 ||   736
Throw: Dart              |       |     9 |    61 |    48 ||   118
Evoke: Wand              |       |       |    12 |     6 ||    18
  Use: Scroll            |       |    10 |       |     3 ||    13
       Potion            |       |     1 |     3 |       ||     4
Armor: Scale mail        |    43 |       |       |       ||    43
       Chain mail        |    31 |    68 |   118 |       ||   217
       Skin              |       |       |    13 |       ||    13
       Plate armour      |       |       |    47 |    72 ||   119
Dodge: Dodged            |    41 |    34 |    99 |    41 ||   215
Block: Buckler           |    20 |    32 |    57 |    28 ||   137
